[Event "ICC tourney 2848 (40 10)"]
[Site "Internet Chess Club"]
[Date "2022.03.12"]
[Round "4"]
[White "BIST, ATHARVA:Atharva10"]
[Black "BRUDNO, STEPHEN:StevChess01"]
[Result "1-0"]
[ICCResult "Black checkmated"]
[WhiteElo "1885"]
[BlackElo "1449"]
[Opening "King's Indian: London system"]
[ECO "A45"]
[NIC "QP.07"]
[Time "17:45:24"]
[PlyCount "77"]
[TimeControl "2400+10"]

1. d4 Nf6 2. Bf4 g6 3. Nf3 d6 4. e3 Bg7 5. h3 O-O 6. Be2 c6 7. O-O Qc7 8. c4
Nbd7 9. Nc3 e5 10. Bh2 Re8 11. Re1 Nb6 12. c5 Nbd7 13. cxd6 Qxd6 14. dxe5
Qxd1 15. Raxd1 Nd5 16. Nxd5 cxd5 17. Rxd5 Nb6 18. Rc5 Na4 19. Rc2 Bf5 20.
Rd2 a6 21. Bc4 Rac8 22. Bd5 Nc5 23. e4 Be6 24. b4 Na4 25. Bxb7 Rc4 26. a3 a5
27. Ba6 Bh6 28. Bxc4 Bxd2 29. Nxd2 Bxc4 30. Nxc4 axb4 31. axb4 Rc8 32. Nd6
Rc2 33. Bg3 Rb2 34. b5 Nc3 35. Ra1 Nxb5 36. Bh4 Kg7 37. Bf6+ Kh6 38. Nxf7+
Kh5 39. g4# {Black checkmated} 1-0

[Event "ICC tourney 2848 (40 10)"]
[Site "Internet Chess Club"]
[Date "2022.03.12"]
[Round "4"]
[White "Laido, Olivia:beibeiolivia"]
[Black "GUO, ELLA:SunnyCountry"]
[Result "1-0"]
[ICCResult "Black resigns"]
[WhiteElo "1464"]
[BlackElo "1379"]
[Opening "Sicilian: Alapin's variation (2.c3)"]
[ECO "B22"]
[NIC "SI.46"]
[Time "17:45:23"]
[PlyCount "61"]
[TimeControl "2400+10"]

1. e4 c5 2. c3 d5 3. exd5 Qxd5 4. d4 e6 5. Nf3 Nc6 6. Be2 Nf6 7. O-O cxd4 8.
cxd4 Be7 9. Nc3 Qd8 10. Be3 O-O 11. Rc1 Bd7 12. Ne5 Be8 13. a3 Rc8 14. Bf3
a6 15. Re1 Bd6 16. Nc4 Bc7 17. Qd2 b5 18. Bxc6 Bxc6 19. Ne5 Bb7 20. Bg5 Bb6
21. Rcd1 Qe7 22. Ng4 Rcd8 23. Bxf6 gxf6 24. Qh6 Bxd4 25. Rxd4 Rxd4 26. Nxf6+
Qxf6 27. Qxf6 Rfd8 28. h3 Kf8 29. Rxe6 Kg8 30. Re7 Rf8 31. Qxd4 {Black
resigns} 1-0

[Event "ICC tourney 2848 (40 10)"]
[Site "Internet Chess Club"]
[Date "2022.03.12"]
[Round "4"]
[White "VALE CRUZ, ARMIN:trucker"]
[Black "JACKSON, MASSIMO MATEO:Yeetamus123"]
[Result "1/2-1/2"]
[ICCResult "Game drawn by mutual agreement"]
[WhiteElo "1628"]
[BlackElo "1470"]
[Opening "Sicilian defense"]
[ECO "B30"]
[NIC "SI.31"]
[Time "17:45:28"]
[PlyCount "98"]
[TimeControl "2400+10"]

1. e4 c5 2. Nf3 Nc6 3. c3 Nf6 4. e5 Nd5 5. d4 cxd4 6. cxd4 d6 7. Bc4 Nb6 8.
Bb5 a6 9. Be2 dxe5 10. dxe5 Qxd1+ 11. Bxd1 Nc4 12. O-O g6 13. Re1 Bg7 14.
Nc3 N4xe5 15. Nxe5 Nxe5 16. Nd5 O-O 17. Nxe7+ Kh8 18. Nd5 Bf5 19. Bb3 Nd3
20. Re7 Rae8 21. Be3 Rxe7 22. Nxe7 Be6 23. Bxe6 fxe6 24. Rd1 Ne5 25. b3 Bf6
26. Bc5 Re8 27. f4 Bxe7 28. Bxe7 Nf3+ 29. Kf2 Rxe7 30. Kxf3 Kg7 31. g4 Kf6
32. Rd6 g5 33. f5 Ke5 34. Rxe6+ Rxe6 35. fxe6 Kxe6 36. Ke4 a5 37. a3 b5 38.
Kd4 Kd6 39. a4 b4 40. h3 h6 41. Kc4 Kc6 42. Kd4 Kd6 43. Ke4 Ke6 44. Kd4 Kd6
45. Kc4 Kc6 46. Kd4 Kd6 47. Kc4 Kc6 48. Kd4 Kd6 49. Ke4 Ke6
{Game drawn by mutual agreement}
1/2-1/2

[Event "ICC tourney 2848 (40 10)"]
[Site "Internet Chess Club"]
[Date "2022.03.12"]
[Round "4"]
[White "JAIN, PARINYA:StockAlpha2020"]
[Black "LI, MASON JIN:K03-16739697"]
[Result "0-1"]
[ICCResult "White resigns"]
[WhiteElo "1478"]
[BlackElo "1436"]
[Opening "Caro-Kann: Panov-Botvinnik attack"]
[ECO "B13"]
[NIC "CK.03"]
[Time "17:45:52"]
[PlyCount "70"]
[TimeControl "2400+10"]

1. e4 c6 2. d4 d5 3. exd5 cxd5 4. c4 Nf6 5. Nc3 Nc6 6. Nf3 e6 7. a3 Be7 8.
Bg5 O-O 9. Bd3 h6 10. Bxf6 Bxf6 11. cxd5 exd5 12. Be2 Bg4 13. O-O Re8 14. h3
Bh5 15. Rc1 a6 16. Re1 Qd6 17. Na4 Bxf3 18. Bxf3 Nxd4 19. Rxe8+ Rxe8 20. Nc3
Nxf3+ 21. Qxf3 d4 22. Ne4 Qe5 23. Nc5 Rc8 24. b4 Rc7 25. Qd1 Bg5 26. Rc2 Qf5
27. Re2 b6 28. Re8+ Kh7 29. Nd3 Rc3 30. Ne1 d3 31. Qa1 Rc1 32. Qd4 d2 33.
Kf1 d1=Q 34. Qxd1 Rxd1 35. Ke2 Rd2+ {White resigns} 0-1

[Event "ICC tourney 2848 (40 10)"]
[Site "Internet Chess Club"]
[Date "2022.03.12"]
[Round "4"]
[White "PULIJALA, AKSHAJ:akshajp"]
[Black "S.M, UMER:uncrackable"]
[Result "0-1"]
[ICCResult "White resigns"]
[WhiteElo "1536"]
[BlackElo "1845"]
[Opening "Queen's pawn game"]
[ECO "D00"]
[NIC "QP.07"]
[Time "17:45:26"]
[PlyCount "110"]
[TimeControl "2400+10"]

1. d4 Nf6 2. Nc3 d5 3. Bf4 g6 4. e3 Bg7 5. Bd3 O-O 6. Nf3 c5 7. dxc5 Nc6 8.
Ne5 Nh5 9. Nxc6 bxc6 10. O-O Nxf4 11. exf4 Qa5 12. Qd2 Qxc5 13. Nd1 e5 14.
fxe5 Bxe5 15. Rb1 a5 16. c3 Bc7 17. Qe3 Qd6 18. g3 Rb8 19. Re1 Bd7 20. Qd2
Qf6 21. Ne3 h5 22. Ng2 Kg7 23. Re3 Bb6 24. Ree1 Rfe8 25. Qf4 Qxf4 26. Nxf4
Bc7 27. Ng2 Bd6 28. Ne3 Bc5 29. Nc2 Kf6 30. b4 axb4 31. cxb4 Rxe1+ 32. Rxe1
Bxb4 33. Rb1 Bd6 34. Rxb8 Bxb8 35. a4 c5 36. a5 c4 37. Be2 Bb5 38. Nd4 Ba6
39. Nc6 Bd6 40. Kf1 Ke6 41. Ke1 Kd7 42. Nd4 Bb4+ 43. Kd1 Bxa5 44. Kc2 Bb6
45. Kc3 Kd6 46. f4 Ba5+ 47. Kc2 Bc8 48. Bf3 Kc5 49. Ne2 Bf5+ 50. Kc1 d4 51.
Kd1 d3 52. Nc1 Kd4 53. Bg2 Bg4+ 54. Ne2+ dxe2+ 55. Kc2 e1=Q {White resigns}
0-1

[Event "ICC tourney 2848 (40 10)"]
[Site "Internet Chess Club"]
[Date "2022.03.12"]
[Round "4"]
[White "BLIZNIUK, STANISLAW:Sbliz20"]
[Black "HOSSAIN, AZHER:Azher2009"]
[Result "1-0"]
[ICCResult "Black resigns"]
[WhiteElo "1500"]
[BlackElo "1807"]
[Opening "Queen's bishop game"]
[ECO "D00"]
[NIC "QP.08"]
[Time "17:45:37"]
[PlyCount "91"]
[TimeControl "2400+10"]

1. d4 d5 2. Bf4 Nf6 3. Nf3 e6 4. e3 c5 5. c4 dxc4 6. Bxc4 a6 7. O-O Be7 8.
dxc5 Qxd1 9. Rxd1 Bxc5 10. Nc3 O-O 11. a4 b6 12. Bd6 Bxd6 13. Rxd6 Nbd7 14.
Rad1 Ra7 15. Be2 Rc7 16. h3 Bb7 17. Nd2 Ne8 18. Rd4 Nef6 19. Nc4 Bc6 20. e4
e5 21. R4d2 Nc5 22. Nxb6 Nfxe4 23. Nxe4 Bxe4 24. b4 Nb3 25. Rd8 a5 26. Rxf8+
Kxf8 27. Bc4 Bc2 28. Rd8+ Ke7 29. Rh8 Rb7 30. Nd5+ Kd6 31. Rd8+ Rd7 32.
Rxd7+ Kxd7 33. Ne3 Nd4 34. Nxc2 Nxc2 35. bxa5 f6 36. Bd3 Na1 37. Bxh7 Nb3
38. a6 Kc7 39. Bd3 Nc5 40. Bb5 Kb6 41. g4 Nxa6 42. Bxa6 Kxa6 43. Kg2 Ka5 44.
Kf3 Kxa4 45. Ke4 g6 46. Kd5 {Black resigns} 1-0

[Event "ICC tourney 2848 (40 10)"]
[Site "Internet Chess Club"]
[Date "2022.03.12"]
[Round "4"]
[White "GOVINDARAJULA, PRANAY SIDDHARTH:K06-17345554"]
[Black "HANKE, HARVEY:ThinkingPanda"]
[Result "1/2-1/2"]
[ICCResult "Game drawn by mutual agreement"]
[WhiteElo "1543"]
[BlackElo "1555"]
[Opening "King's Indian: orthodox, Aronin-Taimanov variation (Yugoslav attack / Mar del Plata variation)"]
[ECO "E97"]
[NIC "KI.15"]
[Time "17:45:22"]
[PlyCount "143"]
[TimeControl "2400+10"]

1. d4 Nf6 2. c4 g6 3. Nc3 Bg7 4. e4 d6 5. Nf3 O-O 6. Be2 e5 7. O-O Nc6 8.
dxe5 dxe5 9. Qxd8 Rxd8 10. Bg5 Re8 11. Bxf6 Bxf6 12. Nd5 Bd8 13. Rfe1 Be6
14. h3 Nd4 15. Nxd4 exd4 16. Rad1 c6 17. Nf4 c5 18. Bd3 Bf6 19. Nd5 Bxd5 20.
cxd5 Rac8 21. b3 Be5 22. g3 g5 23. Rf1 Bg7 24. f4 gxf4 25. gxf4 f6 26. Kf2
a6 27. a4 Kh8 28. Rg1 f5 29. e5 Rcd8 30. d6 Bh6 31. Kf3 Bg7 32. Bxf5 Rf8 33.
Ke4 Bh6 34. Rg4 Rfe8 35. Rdg1 Rxd6 36. Rg8+ Rxg8 37. Rxg8+ Kxg8 38. exd6 Bf8
39. Kd5 Kf7 40. Kxc5 Kf6 41. Bxh7 Ke6 42. Bg8+ Kd7 43. Kxd4 Bxd6 44. f5 Ke7
45. Kd5 Bg3 46. Be6 b6 47. b4 a5 48. b5 Kf6 49. Kc6 Bf2 50. h4 Bc5 51. Kd7
Bf8 52. Ke8 Bg7 53. Bd7 Bh6 54. h5 Be3 55. Kf8 Bc5+ 56. Kg8 Be3 57. Kh7 Bf4
58. h6 Be3 59. Be8 Bf4 60. Bg6 Be3 61. Bh5 Bf4 62. Bd1 Be3 63. Bc2 Bf4 64.
Kg8 Bxh6 65. Kh7 Bf4 66. Kg8 Be3 67. Kf8 Bd4 68. Ke8 Bc5 69. Kd7 Bd4 70. Kd6
Bc5+ 71. Kd5 Be3 72. Kc6 {Game drawn by mutual agreement} 1/2-1/2

[Event "ICC tourney 2848 (40 10)"]
[Site "Internet Chess Club"]
[Date "2022.03.12"]
[Round "4"]
[White "QI, JENNY:eevee11"]
[Black "OPASKA, MICHAEL:mopaska1106"]
[Result "1/2-1/2"]
[ICCResult "Game drawn by repetition"]
[WhiteElo "1402"]
[BlackElo "1759"]
[Opening "Sicilian: Labourdonnais-Löwenthal (Kalashnikov) variation"]
[ECO "B32"]
[NIC "SI.32"]
[Time "17:46:18"]
[PlyCount "102"]
[TimeControl "2400+10"]

1. e4 c5 2. Nf3 Nc6 3. d4 cxd4 4. Nxd4 e5 5. Nb5 d6 6. N1c3 Nf6 7. Nd5 Nxd5
8. exd5 Nb8 9. c4 Be7 10. Qa4 O-O 11. Be2 f5 12. O-O Nd7 13. Qc2 Nf6 14. Nc3
Bd7 15. Bd2 Rc8 16. b3 Kh8 17. a4 Rg8 18. Nb5 a6 19. Nc3 g5 20. f3 g4 21. f4
g3 22. h3 e4 23. Be3 Rg6 24. Rfd1 Kg8 25. Qd2 Bf8 26. Rac1 Qa5 27. Nxe4 Qxd2
28. Nxf6+ Rxf6 29. Bxd2 Rf7 30. Bh5 Re7 31. Re1 b5 32. axb5 axb5 33. Rxe7
Bxe7 34. cxb5 Rxc1+ 35. Bxc1 Bxb5 36. Bd2 Bf6 37. Bd1 Bd4+ 38. Kh1 Bd3 39.
b4 Kf8 40. Ba4 Ke7 41. Bc6 Kd8 42. b5 Kc7 43. Ba5+ Bb6 44. Bxb6+ Kxb6 45.
Bd7 h6 46. h4 Kc5 47. Kg1 Kb6 48. Kh1 Kc5 49. Kg1 Kb6 50. Kh1 Kc5 51. Kg1
Kb6 {Game drawn by repetition} 1/2-1/2

[Event "ICC tourney 2848 (40 10)"]
[Site "Internet Chess Club"]
[Date "2022.03.12"]
[Round "4"]
[White "YU, AVERY:Averyyu321"]
[Black "WILLY, STEPHEN:stephenwilly"]
[Result "0-1"]
[ICCResult "White checkmated"]
[WhiteElo "1672"]
[BlackElo "1824"]
[Opening "Giuoco Pianissimo"]
[ECO "C50"]
[NIC "IG.02"]
[Time "17:45:38"]
[PlyCount "98"]
[TimeControl "2400+10"]

1. e4 e5 2. Nf3 Nc6 3. Bc4 Bc5 4. d3 Nf6 5. O-O d6 6. c3 h6 7. Re1 O-O 8.
Nbd2 Ne7 9. d4 Bb6 10. dxe5 Ng4 11. Rf1 Nxe5 12. Nxe5 dxe5 13. Qh5 Nc6 14.
Nf3 Qf6 15. Bd5 Ne7 16. Qxe5 Qxe5 17. Nxe5 Nxd5 18. exd5 Re8 19. Nc4 Re2 20.
Be3 Bxe3 21. fxe3 b5 22. Ne5 Bb7 23. Rad1 Rxe3 24. Nc6 Rae8 25. Nxa7 R8e5
26. Nxb5 Bxd5 27. Nxc7 Bc4 28. Rf3 Re1+ 29. Rxe1 Rxe1+ 30. Kf2 Re2+ 31. Kg3
Rxb2 32. a4 Ra2 33. Nb5 Bd5 34. Rf2 Rxa4 35. h3 Rc4 36. Rc2 Be4 37. Nd6 Bxc2
38. Nxc4 Kf8 39. Ne3 Be4 40. c4 Ke7 41. Kf4 Bc6 42. Nf5+ Kf6 43. g3 g5+ 44.
Kg4 Bd7 45. c5 Bxf5+ 46. Kh5 Kg7 47. c6 Bxh3 48. c7 f5 49. c8=Q Bg4#
{White checkmated}
0-1

[Event "ICC tourney 2848 (40 10)"]
[Site "Internet Chess Club"]
[Date "2022.03.12"]
[Round "4"]
[White "BONNELL, LEO W:bonnelleo1"]
[Black "SARAFUDINOV, ANDREY:whyyoutrysohard"]
[Result "0-1"]
[ICCResult "White resigns"]
[WhiteElo "1703"]
[BlackElo "1535"]
[Opening "Queen's pawn game, Darooha variation "]
[ECO "D02"]
[NIC "QP.08"]
[Time "17:45:36"]
[PlyCount "90"]
[TimeControl "2400+10"]

1. d4 d5 2. Nf3 Nf6 3. g3 c5 4. Bg2 e6 5. O-O Nc6 6. c4 dxc4 7. Qa4 cxd4 8.
Qxc4 Be7 9. Rd1 Qb6 10. b3 O-O 11. Bf4 Rd8 12. Ne5 Nxe5 13. Bxe5 Bc5 14. Rc1
Nd7 15. Bf4 e5 16. Bg5 Re8 17. Bd5 Rf8 18. Bd2 Bd6 19. b4 Nf6 20. Na3 Nxd5
21. Qxd5 Be6 22. Qb5 Bc7 23. Qxb6 Bxb6 24. Nb5 Rfd8 25. a4 Rd7 26. a5 Bd8
27. Rc5 a6 28. Na3 f6 29. Rac1 d3 30. e4 Rd4 31. f3 Rb8 32. Bc3 Rd6 33. Nc4
Bxc4 34. Rxc4 b6 35. Bd2 bxa5 36. bxa5 Rb2 37. Rd1 Ra2 38. Rc5 Rc2 39. Rd5
Rxd5 40. exd5 Rc5 41. Kf2 Rxd5 42. Ke3 Kf7 43. Ra1 Ke6 44. Ra4 Be7 45. Ra3
Bc5+ {White resigns} 0-1

[Event "ICC tourney 2848 (40 10)"]
[Site "Internet Chess Club"]
[Date "2022.03.12"]
[Round "5"]
[White "HOSSAIN, AZHER:Azher2009"]
[Black "Doan Giang, Nguyen Doan:Doctorstrange04"]
[Result "1-0"]
[ICCResult "Black resigns"]
[WhiteElo "1807"]
[BlackElo "1839"]
[Opening "English: symmetrical, Benoni formation"]
[ECO "A31"]
[NIC "OI.06"]
[Time "20:00:40"]
[PlyCount "57"]
[TimeControl "2400+10"]

1. d4 Nf6 2. c4 c5 3. Nf3 g6 4. Nc3 cxd4 5. Nxd4 Nc6 6. e4 d6 7. Be2 Nxd4 8.
Qxd4 Bg7 9. O-O O-O 10. Qd3 a5 11. Be3 a4 12. b3 axb3 13. axb3 Rxa1 14. Rxa1
Nxe4 15. Qxe4 Bxc3 16. Ra2 Qc7 17. h4 Bf5 18. Qf3 Qc6 19. Qg3 Be5 20. f4 Qe4
21. Rd2 Qb1+ 22. Rd1 Qb2 23. Rd2 Qc1+ 24. Rd1 Qc2 25. Rd2 Qb1+ 26. Rd1 Qb2
27. Rd2 Qxb3 28. fxe5 dxe5 29. Qxe5 {Black resigns} 1-0

[Event "ICC tourney 2848 (40 10)"]
[Site "Internet Chess Club"]
[Date "2022.03.12"]
[Round "5"]
[White "ERARD, ERIC CHRISTIAN:eric-erard"]
[Black "BLIZNIUK, STANISLAW:Sbliz20"]
[Result "0-1"]
[ICCResult "White checkmated"]
[WhiteElo "1510"]
[BlackElo "1500"]
[Opening "QGD Slav: Slav gambit"]
[ECO "D15"]
[NIC "SL.03"]
[Time "20:00:16"]
[PlyCount "110"]
[TimeControl "2400+10"]

1. d4 d5 2. c4 c6 3. Nf3 Nf6 4. Nc3 dxc4 5. e4 b5 6. a3 Bb7 7. Bg5 e6 8. e5
h6 9. Bh4 g5 10. Nxg5 hxg5 11. Bxg5 Nbd7 12. exf6 Nxf6 13. Qd2 Be7 14. O-O-O
a6 15. Be2 c5 16. dxc5 Qxd2+ 17. Rxd2 Bxg2 18. Rg1 Bb7 19. h4 Nd7 20. Bxe7
Kxe7 21. h5 Nxc5 22. Kb1 Nb3 23. Rdd1 Rag8 24. a4 Rxg1 25. Rxg1 b4 26. Ka2
bxc3 27. Bxc4 Nd2 28. Be2 cxb2 29. Kxb2 Ne4 30. f4 Nf6 31. Rg5 Bc6 32. Ka3
Ne4 33. Ra5 Bb7 34. f5 exf5 35. Rxf5 Ng3 36. Rc5 Kd6 37. Rc2 Nxe2 38. Rxe2
Rxh5 39. Rf2 Rh3+ 40. Kb4 Rh4+ 41. Ka5 Bc6 42. Rxf7 Rxa4+ 43. Kb6 Bb5 44.
Rc7 Kd5 45. Rc1 Kd4 46. Rc7 Ra2 47. Rc1 Kd3 48. Rd1+ Kc3 49. Kc5 Bc4 50.
Rc1+ Kd3 51. Rxc4 Ra5+ 52. Kb4 Rb5+ 53. Ka3 Kxc4 54. Ka4 Kc3 55. Ka3 Ra5#
{White checkmated}
0-1

[Event "ICC tourney 2848 (40 10)"]
[Site "Internet Chess Club"]
[Date "2022.03.12"]
[Round "5"]
[White "Manley, Nicholas:NickManley1987"]
[Black "GUO, ELLA:SunnyCountry"]
[Result "0-1"]
[ICCResult "White resigns"]
[WhiteElo "1156"]
[BlackElo "1379"]
[Opening "Sicilian: Smith-Morra gambit"]
[ECO "B21"]
[NIC "SI.48"]
[Time "20:01:09"]
[PlyCount "96"]
[TimeControl "2400+10"]

1. e4 c5 2. d4 cxd4 3. c3 dxc3 4. Nxc3 Nc6 5. Nf3 d6 6. Bc4 e6 7. Bf4 Nf6 8.
O-O Be7 9. h3 O-O 10. Qe2 b6 11. Rfd1 e5 12. Bg5 Bb7 13. Rac1 a6 14. Rd2 b5
15. Bb3 Qc7 16. Bxf6 Bxf6 17. Nd5 Qd8 18. Rcd1 Bg5 19. Nxg5 Qxg5 20. Nb6 Nd4
21. Qg4 Qxg4 22. hxg4 Rad8 23. Bd5 Bxd5 24. Nxd5 Rfe8 25. f4 h6 26. Kf2 f6
27. Rxd4 exd4 28. Rxd4 Rc8 29. Ne3 Red8 30. Rd2 Kf7 31. Nf5 Rc6 32. e5 d5
33. Nd4 Rc4 34. e6+ Ke7 35. f5 b4 36. Ke3 a5 37. Rd1 a4 38. Kd3 a3 39. bxa3
Rc3+ 40. Ke2 bxa3 41. Rb1 Rdc8 42. Rb7+ R8c7 43. Rxc7+ Rxc7 44. Kd3 Rb7 45.
Nb3 Kd6 46. g3 Rb4 47. Nd4 Rb2 48. Nb5+ Rxb5 {White resigns} 0-1

[Event "ICC tourney 2848 (40 10)"]
[Site "Internet Chess Club"]
[Date "2022.03.12"]
[Round "5"]
[White "HANKE, HARVEY:ThinkingPanda"]
[Black "WILLY, STEPHEN:stephenwilly"]
[Result "1-0"]
[ICCResult "Black checkmated"]
[WhiteElo "1555"]
[BlackElo "1824"]
[Opening "KGD: classical variation"]
[ECO "C30"]
[NIC "KG.05"]
[Time "20:00:17"]
[PlyCount "95"]
[TimeControl "2400+10"]

1. e4 e5 2. f4 Bc5 3. Nf3 d6 4. Nc3 Nc6 5. Bb5 Nf6 6. Na4 Nxe4 7. Qe2 Nf6 8.
fxe5 O-O 9. Bxc6 bxc6 10. d4 Bxd4 11. Nxd4 dxe5 12. Nb3 Ng4 13. O-O Nxh2 14.
Kxh2 Qh4+ 15. Kg1 Qxa4 16. Qxe5 Ba6 17. Re1 Qg4 18. Bd2 Qg6 19. Bc3 Bc4 20.
Nd4 Bd5 21. Re2 f5 22. Rf2 f4 23. Nf3 Rf5 24. Nh4 Rxe5 25. Nxg6 hxg6 26.
Bxe5 g5 27. Bxc7 Kf7 28. Re1 Rh8 29. b3 Kg6 30. c4 Bf7 31. Rff1 Kf5 32. Re5+
Kg4 33. Re7 Bg6 34. Rxg7 Bd3 35. Rxf4+ Kh5 36. Rf3 Re8 37. Rxd3 a5 38. Bxa5
c5 39. Bd2 g4 40. Rd5+ Kh4 41. Rh7+ Kg3 42. Rd3+ Re3 43. Rxe3+ Kf4 44. Rf7+
Kg5 45. Re6+ Kh4 46. a4 Kg3 47. Bf4+ Kh4 48. Rh6# {Black checkmated} 1-0

[Event "ICC tourney 2848 (40 10)"]
[Site "Internet Chess Club"]
[Date "2022.03.12"]
[Round "5"]
[White "SARAFUDINOV, ANDREY:whyyoutrysohard"]
[Black "BIST, ATHARVA:Atharva10"]
[Result "0-1"]
[ICCResult "White resigns"]
[WhiteElo "1535"]
[BlackElo "1885"]
[Opening "Queen's gambit declined"]
[ECO "D30"]
[NIC "QO.17"]
[Time "20:00:32"]
[PlyCount "72"]
[TimeControl "2400+10"]

1. d4 e6 2. c4 d5 3. Nf3 Nf6 4. g3 Bd6 5. Bg2 O-O 6. O-O c6 7. Qc2 Nbd7 8.
Nbd2 Re8 9. e4 Nxe4 10. Nxe4 dxe4 11. Qxe4 Nf6 12. Qc2 c5 13. Rd1 Qa5 14. b3
Bd7 15. Bb2 Bc6 16. Bc3 Qb6 17. dxc5 Bxc5 18. Ng5 h6 19. Bxf6 hxg5 20. Bxg5
a5 21. Re1 a4 22. Rab1 axb3 23. axb3 Qa5 24. Bd2 Qb6 25. Bc3 Red8 26. Bxc6
Qxc6 27. Re4 Ra2 28. Rb2 Rxb2 29. Bxb2 f5 30. Re1 Qf3 31. Rf1 Bb4 32. Bc1
Bc5 33. Qb2 Rd3 34. b4 Bd4 35. Qa2 Kf7 36. Qa5 Bxf2+ {White resigns} 0-1

[Event "ICC tourney 2848 (40 10)"]
[Site "Internet Chess Club"]
[Date "2022.03.12"]
[Round "5"]
[White "JACKSON, MASSIMO MATEO:Yeetamus123"]
[Black "YU, AVERY:Averyyu321"]
[Result "0-1"]
[ICCResult "White checkmated"]
[WhiteElo "1470"]
[BlackElo "1672"]
[Opening "Sicilian: closed"]
[ECO "B23"]
[NIC "SI.44"]
[Time "20:00:20"]
[PlyCount "70"]
[TimeControl "2400+10"]

1. e4 c5 2. Nc3 g6 3. f4 Bg7 4. Nf3 d6 5. Bc4 Nc6 6. d3 Nf6 7. O-O O-O 8.
Qe1 Bg4 9. Qg3 Bxf3 10. Rxf3 Nd4 11. Rf2 e6 12. Be3 h5 13. Bxd4 cxd4 14. Ne2
Ng4 15. Rff1 Ne3 16. Rf3 Nxc2 17. f5 d5 18. Rc1 dxc4 19. Rxc2 cxd3 20. Rxd3
exf5 21. exf5 Qb6 22. Nf4 Rae8 23. h3 Re3 24. Rxe3 dxe3 25. Nd5 Qd8 26. Nxe3
Bd4 27. fxg6 Bxe3+ 28. Kh2 Qg5 29. gxf7+ Rxf7 30. Qb8+ Kg7 31. Qg3 Bg1+ 32.
Kxg1 Qxg3 33. b4 Qe3+ 34. Kh2 Qe5+ 35. Kh1 Rf1# {White checkmated} 0-1

[Event "ICC tourney 2848 (40 10)"]
[Site "Internet Chess Club"]
[Date "2022.03.12"]
[Round "5"]
[White "SEBBA, AMITAI:Amitai"]
[Black "GOVINDARAJULA, PRANAY SIDDHARTH:K06-17345554"]
[Result "1-0"]
[ICCResult "Black checkmated"]
[WhiteElo "1705"]
[BlackElo "1543"]
[Opening "Sicilian: Smith-Morra gambit"]
[ECO "B21"]
[NIC "SI.48"]
[Time "20:00:18"]
[PlyCount "73"]
[TimeControl "2400+10"]

1. e4 c5 2. d4 cxd4 3. c3 dxc3 4. Nxc3 Nc6 5. Nf3 e6 6. Bc4 Nf6 7. O-O Bc5
8. Qe2 a6 9. Bg5 h6 10. Bh4 b5 11. Bb3 g5 12. Bg3 g4 13. Nd2 Nd4 14. Qd3 d6
15. Rfd1 Nh5 16. a4 Nxg3 17. Qxg3 b4 18. Qxg4 bxc3 19. bxc3 Nxb3 20. Nxb3
Qg5 21. Qf3 Bb7 22. Rab1 Rb8 23. Na5 Bxf2+ 24. Qxf2 Qxa5 25. Rxd6 Ke7 26.
Rdb6 Bxe4 27. Rxb8 Rxb8 28. Rxb8 Qxa4 29. Qh4+ f6 30. Rb7+ Ke8 31. Qh5+ Kd8
32. Rb4 Qa1+ 33. Kf2 Bd5 34. Qf7 Qa2+ 35. Ke3 Kc8 36. Qa7 Qxg2 37. Rb8#
{Black checkmated}
1-0

[Event "ICC tourney 2848 (40 10)"]
[Site "Internet Chess Club"]
[Date "2022.03.12"]
[Round "5"]
[White "PULIJALA, AKSHAJ:akshajp"]
[Black "QI, JENNY:eevee11"]
[Result "1-0"]
[ICCResult "Black checkmated"]
[WhiteElo "1536"]
[BlackElo "1402"]
[Opening "Queen's pawn game"]
[ECO "D00"]
[NIC "QP.07"]
[Time "20:00:35"]
[PlyCount "109"]
[TimeControl "2400+10"]

1. d4 Nf6 2. Nc3 d5 3. Bf4 g6 4. Nb5 Na6 5. e3 Bg7 6. Nf3 O-O 7. Nc3 Nh5 8.
Be5 f6 9. Bg3 Nxg3 10. hxg3 Nb8 11. b3 c6 12. Bd3 e5 13. dxe5 fxe5 14. e4 d4
15. Ne2 Be6 16. O-O Nd7 17. Qd2 Nc5 18. Ng5 Bh6 19. Nxe6 Bxd2 20. Nxd8 Raxd8
21. Rfd1 Nxd3 22. cxd3 Ba5 23. Rac1 Bb6 24. Rc4 Rd7 25. b4 Rdf7 26. f4 exf4
27. gxf4 Rd7 28. a4 Bc7 29. g3 a6 30. Rdc1 Bb6 31. Kg2 Rfd8 32. Kf3 Kf7 33.
g4 h6 34. Rh1 Kg7 35. f5 Rf8 36. Nf4 Rff7 37. Nxg6 Rd6 38. Nf4 Rdd7 39. Ne6+
Kg8 40. Rxh6 Rde7 41. Rg6+ Kh8 42. Nf4 Rg7 43. f6 Rxg6 44. Nxg6+ Kg8 45.
Nxe7+ Kf7 46. g5 Bd8 47. Nf5 Bc7 48. b5 axb5 49. axb5 Be5 50. bxc6 bxc6 51.
Rxc6 Kf8 52. Re6 Bb8 53. g6 Bc7 54. f7 Be5 55. Re8# {Black checkmated} 1-0

[Event "ICC tourney 2848 (40 10)"]
[Site "Internet Chess Club"]
[Date "2022.03.12"]
[Round "5"]
[White "RAM, JWALANTHI:jwalanthiram"]
[Black "VALE CRUZ, ARMIN:trucker"]
[Result "1-0"]
[ICCResult "Black resigns"]
[WhiteElo "1446"]
[BlackElo "1628"]
[Opening "Giuoco Pianissimo: Italian four knights variation"]
[ECO "C50"]
[NIC "IG.02"]
[Time "20:00:27"]
[PlyCount "175"]
[TimeControl "2400+10"]

1. e4 e5 2. Nf3 Nc6 3. Bc4 Bc5 4. d3 Nf6 5. Nc3 d6 6. h3 h6 7. Be3 Nd4 8.
Bxd4 exd4 9. Ne2 d5 10. exd5 Nxd5 11. O-O O-O 12. Nfxd4 Bxd4 13. Nxd4 Nf4
14. Ne2 Qg5 15. Nxf4 Qxf4 16. Qe2 Bd7 17. Qe3 Qf6 18. Qg3 Rfe8 19. Rfe1 Qxb2
20. Qxc7 Be6 21. Bxe6 Rxe6 22. Rad1 Rc6 23. Qf4 Rxc2 24. d4 Re2 25. Rxe2
Qxe2 26. Rd2 Qe1+ 27. Kh2 Re8 28. Rd3 Qb1 29. Rb3 Qxa2 30. Rxb7 a5 31. Rb8
Qe6 32. d5 Qd7 33. Rxe8+ Qxe8 34. d6 Qd8 35. Qe5 Kf8 36. Qc5 Ke8 37. Qb5+
Kf8 38. Qd5 g5 39. Qe5 f6 40. Qe6 h5 41. d7 h4 42. Qd6+ Kf7 43. g3 hxg3+ 44.
Kxg3 a4 45. Qd5+ Ke7 46. Qe4+ Kxd7 47. Qxa4+ Ke7 48. Qe4+ Kf8 49. Qb4+ Kg7
50. Qb7+ Kg6 51. Qe4+ Kh6 52. f4 Qd6 53. h4 gxh4+ 54. Kxh4 Qc5 55. Qf3 Qf5
56. Kg3 Qg6+ 57. Kh4 Qf5 58. Qg4 Qd5 59. Kg3 Qd3+ 60. Qf3 Qg6+ 61. Qg4 Qd3+
62. Qf3 Qb1 63. Kh3 Qg1 64. Qg2 Qe3+ 65. Qg3 Qe6+ 66. Qg4 Qe3+ 67. Qg3 Qe6+
68. Qg4 Qe3+ 69. Qg3 Qe6+ 70. Qg4 Qe3+ 71. Qg3 Qxg3+ 72. Kxg3 Kg6 73. Kg4
f5+ 74. Kg3 Kf6 75. Kh4 Kg6 76. Kg3 Kg7 77. Kf3 Kf6 78. Kg3 Ke6 79. Kh4 Kd5
80. Kh5 Kd4 81. Kg6 Ke4 82. Kg5 Kd5 83. Kxf5 Kd6 84. Kf6 Kd7 85. f5 Ke8 86.
Kg7 Ke7 87. f6+ Ke6 88. f7 {Black resigns} 1-0